 Dungeon Crawl Stone Soup version 0.18.1-48-g4cf74bf (webtiles) character file.

912 Inkary the Chopper (level 8, -6/65 HPs)
             Began as a Formicid Fighter on Sept 12, 2016.
             Was a Follower of Okawaru.
             Mangled by Menkaure (17 damage)
             ... on level 5 of the Dungeon.
             The game lasted 00:07:26 (3803 turns).

Inkary the Chopper (Formicid Fighter)               Turns: 3803, Time: 00:07:27

Health: -6/65      AC:  8    Str: 21    XL:     8   Next: 30%
Magic:  6/8        EV: 12    Int:  8    God:    Okawaru [*.....]
Gold:   408        SH:  0    Dex: 12    Spells: 0 memorised, 7 levels left

rFire  . . .     SeeInvis +     a - +0 war axe
rCold  . . .     Gourm    .     b - +0 scale mail
rNeg   . . .     Faith    .     (no shield)
rPois  .         Spirit   .     (helmet unavailable)
rElec  .         Dismiss  .     (no cloak)
rCorr  .         Reflect  .     (no gloves)
SustAt .         Harm     .     (no boots)
MR     .....                    (no amulet)
Stlth  +.........               (no ring)
                                (no ring)

@: heroism, not resistant to hostile enchantments, very unstealthy
A: permanent stasis, dig shafts and tunnels, four strong arms, antennae 3
a: Dig, Shaft Self, Heroism, Renounce Religion


You were on level 5 of the Dungeon.
You worshipped Okawaru.
Okawaru was aware of your devotion.
You were not hungry.

You visited 1 branch of the dungeon, and saw 5 of its levels.

You collected 408 gold pieces.

Inventory:

Hand Weapons
 a - a +0 war axe (weapon)
Armour
 b - a +0 scale mail (worn)
 c - a +0 shield
Jewellery
 k - a cursed -2 ring of strength {unknown}
 y - an uncursed ring of sustain attributes {unknown}
Wands
 D - a wand of paralysis (4/24)
Scrolls
 e - 8 scrolls of identify {unknown}
 g - 3 scrolls of enchant armour {unknown}
 i - 3 scrolls of blinking {unknown}
 l - 2 scrolls of magic mapping {unknown}
 n - 3 scrolls of noise {unknown}
 q - a scroll of immolation {unknown}
 v - a scroll of enchant weapon {unknown}
 x - a scroll of teleportation {unknown}
 z - 2 scrolls of remove curse {unknown}
 C - a scroll of recharging {unknown}
 F - a scroll of fog {unknown}
Potions
 d - a potion of might
 m - 2 potions of haste {unknown}
 o - 2 potions of brilliance {unknown}
 p - a potion of cancellation {unknown}
 s - 4 potions of agility {unknown}
 t - 2 potions of cure mutation {unknown}
 u - 2 potions of berserk rage {unknown}
 w - a potion of degeneration {unknown}
 A - 2 potions of curing {unknown}
 B - a potion of magic {unknown}
 E - a potion of heal wounds {unknown}
Comestibles
 f - 4 bread rations
 h - 2 slices of pizza
 j - 3 meat rations
 r - 3 fruits
 G - 2 chunks of flesh


   Skills:
 + Level 6.3(11.3) Fighting
 * Level 7.7(12.7) Axes
 - Level 3.2(8.2) Armour
 - Level 3.6(8.6) Shields


You had 7 spell levels left.
You didn't know any spells.

Dungeon Overview and Level Annotations

Branches:
Dungeon (5/15)             Temple (0/1) D:5

Altars:
Kikubaaqudgha
Okawaru
Pakellas

Annotations:
D:5 Menkaure


Innate Abilities, Weirdness & Mutations

You are under a permanent stasis effect.
You can dig through walls and to a lower floor.
Your four strong arms can wield two-handed weapons with a shield.
You have a pair of large antennae on your head (SInv).


Message History

You barely miss Menkaure.
Menkaure is heavily damaged.
Menkaure calls on the powers of darkness!
Your body is wracked with pain!
Menkaure hits you!
* * * LOW HITPOINT WARNING * * *
You are too injured to fight recklessly!
You are too injured to fight recklessly!
You are too injured to fight recklessly!
You are too injured to fight recklessly!
You are too injured to fight recklessly!
You are too injured to fight recklessly!
You are too injured to fight recklessly!
You are too injured to fight recklessly!
Unknown command.
You gain the combat prowess of a mighty hero.
You feel slightly more hungry. Menkaure barely misses you.
You hit Menkaure.
Menkaure is heavily damaged.
Menkaure hits you!
You die...

## .. .. #. .# {{
#. .#### { .#.###.
....#
......M####....#
#..@.......#
#.##........ #
#.)?.###. #....#
.## ###.#### # ..#
#.....#.# ###.#
#.......####...#
####.......##.8.#..
#......(...#.......


You could see Menkaure.

Vanquished Creatures
  Eustachio (D:4)
  2 ogres (D:4)
  A centaur (D:5)
  2 giant frogs
  A jelly (D:5)
  A howler monkey (D:4)
  2 vampire bats (D:3)
  A hound (D:5)
  3 worker ants
  An iguana (D:4)
  5 adders
  A shadow imp (D:5)
  A worm (D:3)
  A dart slug (D:2)
  2 giant geckos
  5 orcs
  3 bat skeletons (D:3)
  3 bat zombies (D:3)
  3 giant cockroaches
  A goblin (D:3)
  9 hobgoblins
  6 kobolds
  A quokka (D:5)
  5 bats
  2 giant newts
  A jackal skeleton (D:4)
  A quokka zombie (D:5)
  8 rats
73 creatures vanquished.

Vanquished Creatures (others)
  A lightning spire (D:4)
  3 bushes (D:4)
4 creatures vanquished.

Grand Total: 77 creatures vanquished

Notes
Turn   | Place    | Note
--------------------------------------------------------------
     0 | D:1      | Inkary the Formicid Fighter began the quest for the Orb.
     0 | D:1      | Reached XP level 1. HP: 18/18 MP: 1/1
   112 | D:1      | Reached XP level 2. HP: 23/24 MP: 2/2
   784 | D:2      | Reached skill level 3 in Axes
   784 | D:2      | Reached XP level 3. HP: 29/29 MP: 3/3
  1262 | D:3      | Found an iron altar of Okawaru.
  1274 | D:3      | Became a worshipper of Warmaster Okawaru
  1368 | D:3      | Reached XP level 4. HP: 37/37 MP: 4/4
  1801 | D:3      | Reached skill level 4 in Axes
  2054 | D:3      | Noticed a giant frog
  2059 | D:3      | Killed a giant frog
  2059 | D:3      | Reached XP level 5. HP: 28/43 MP: 5/5
  2067 | D:3      | Reached XP level 6. HP: 31/49 MP: 6/6
  2076 | D:3      | Reached skill level 5 in Axes
  2140 | D:3      | Found an ancient bone altar of Kikubaaqudgha.
  2290 | D:4      | Noticed an ogre
  2298 | D:4      | Killed an ogre
  2298 | D:4      | Reached skill level 5 in Fighting
  2562 | D:4      | Reached * piety under Okawaru
  2562 | D:4      | Reached XP level 7. HP: 33/56 MP: 7/7
  2573 | D:4      | Reached skill level 6 in Axes
  2887 | D:4      | Found an oddly glowing altar of Pakellas.
  2888 | D:4      | Noticed a cyclops
  3001 | D:4      | Noticed Eustachio
  3022 | D:4      | Killed Eustachio
  3285 | D:4      | Reached skill level 7 in Axes
  3392 | D:4      | Reached XP level 8. HP: 63/64 MP: 8/8
  3430 | D:5      | Entered Level 5 of the Dungeon
  3748 | D:5      | Found a staircase to the Ecumenical Temple.
  3797 | D:5      | Noticed Menkaure
  3803 | D:5      | Mangled by Menkaure

Skill      XL: |  1  2  3  4  5  6  7  8 |
---------------+-------------------------+-----
Axes           | 3 4 5 7 |  7.7
Fighting       | 4 5 6 |  6.3
Armour         | |  3.2
Shields        | |  3.6

Action                   |  1- 3 |  4- 6 |  7- 9 || total
-------------------------+-------+-------+-------++-------
Melee: War axe           |    93 |    70 |   100 ||   263
Invok: Heroism           |       |       |     2 ||     2
 Abil: Dig               |       |       |     1 ||     1
  Eat: Chunk             |     1 |     1 |     4 ||     6
       Beef jerky        |       |     1 |     1 ||     2
       Fruit             |       |       |     1 ||     1
Armor: Scale mail        |    60 |    75 |    42 ||   177
Dodge: Dodged            |    71 |    61 |    48 ||   180
